 Dungeon Crawl Stone Soup version 0.28.0-43-g3370ac3207 (webtiles) character file.

Game seed: 15497836528591022751

10357 Ablot the Thaumaturge (level 11, -7/86 HPs)
             Began as a Gnoll Warper on Mar 3, 2022.
             Was an Elder of Okawaru.
             Hit by a javelin thrown by a minotaur (25 damage)
             ... in a Gauntlet.
             The game lasted 00:43:15 (14299 turns).

Ablot the Thaumaturge (Gnoll Warper)               Turns: 14299, Time: 00:43:15

Health: -7/86      AC: 21    Str: 15    XL:     11   Next: 60%
Magic:  20/23      EV: 16    Int: 13    God:    Okawaru [****..]
Gold:   434        SH: 11    Dex: 11    Spells: 21/26 levels left

rFire   . . .      SeeInvis .   a - +0 trident (vorpal)
rCold   . . .      Faith    .   j - +0 buckler
rNeg    . . .      Spirit   .   b - +0 leather armour
rPois   +          Reflect  +   n - +0 helmet
rElec   .          Harm     .   k - +2 cloak {rPois}
rCorr   .          Rampage  .   Z - +1 pair of gloves
Will    .....      NoTele   +   Y - +0 pair of boots
Stlth   ++++......              q - amulet of reflection
HPRegen 0.24/turn               R - +4 ring of protection
MPRegen 0.18/turn               B - +4 ring of protection

@: heroic, on blink cooldown
A: fangs 1, strong nose, distributed training
a: Renounce Religion, Heroism, Finesse


You were in a Gauntlet.
You worshipped Okawaru.
Okawaru was greatly pleased with you.
You visited 1 branch of the dungeon, and saw 11 of its levels.
You also visited: Sewer and Gauntlet.

You collected 575 gold pieces.
You spent 141 gold pieces at shops.

Inventory:

Hand Weapons
 a - a +0 vorpal trident (weapon)
 U - a +0 hand crossbow
 X - a +1 hand axe of flaming
Missiles
 e - 180 arrows
 f - 385 stones
 H - 6 poisoned darts (quivered)
 J - 52 bolts
 V - 50 sling bullets
Armour
 b - a +0 leather armour (worn)
 j - a +0 buckler (worn)
 k - a +2 cloak of poison resistance (worn)
 n - a +0 helmet (worn)
 Y - a +0 pair of boots (worn)
 Z - a +1 pair of gloves (worn)
Jewellery
 g - the ring "Nefolud" {rF+ MP+9 Str+3 Dex-2}
   (You found it in a Gauntlet)

   [ring of magical power]

   Str:       It affects your strength (+3).
   Dex:       It affects your dexterity (-2).
   rF:        It protects you from fire.
   MP:        It affects your magic capacity (+9).
 q - an amulet of reflection (around neck)
 v - a ring of resist corrosion
 B - a +4 ring of protection (right hand)
 R - a +4 ring of protection (left hand)
Wands
 y - a wand of acid (7)
 F - a wand of flame (24)
Scrolls
 c - 4 scrolls of blinking
 d - a scroll of enchant weapon {unknown}
 m - 3 scrolls of teleportation
 o - 3 scrolls of fog {unknown}
 p - a scroll of noise {unknown}
 t - 2 scrolls of vulnerability {unknown}
 C - 2 scrolls of fear {unknown}
 E - a scroll of brand weapon {unknown}
 I - 2 scrolls of amnesia {unknown}
 Q - a scroll of summoning {unknown}
Potions
 i - 3 potions of magic
 r - 2 potions of haste
 A - 3 potions of berserk rage
 K - a potion of heal wounds
 L - 2 potions of brilliance
 M - a potion of curing
 N - a potion of might
 P - 2 potions of flight
 W - a potion of invisibility {unknown}
Miscellaneous
 T - a box of beasts


   Skills:
 + Level 8.0(13.0) Fighting
 + Level 6.4(11.4) Short Blades
 + Level 6.4(11.4) Long Blades
 + Level 6.4(11.4) Axes
 + Level 6.4(11.4) Maces & Flails
 + Level 8.0(13.0) Polearms
 + Level 6.4(11.4) Staves
 + Level 6.4(11.4) Slings
 + Level 6.4(11.4) Bows
 + Level 6.4(11.4) Crossbows
 + Level 7.0(12.0) Throwing
 + Level 7.0(12.0) Armour
 + Level 8.0(13.0) Dodging
 + Level 6.4(11.4) Stealth
 + Level 6.4(11.4) Shields
 + Level 6.4(11.4) Unarmed Combat
 + Level 8.2 Spellcasting
 + Level 5.3 Conjurations
 + Level 5.3 Hexes
 + Level 5.3 Summonings
 + Level 5.3 Necromancy
 + Level 7.7 Translocations
 + Level 5.3 Transmutations
 + Level 5.3 Fire Magic
 + Level 5.3 Ice Magic
 + Level 5.3 Air Magic
 + Level 5.3 Earth Magic
 + Level 5.3 Poison Magic
 + Level 7.1 Invocations
 + Level 6.4 Evocations


You had 21 spell levels left.
You knew the following spells:

 Your Spells              Type           Power      Damage    Failure   Level
a - Blink                 Tloc           50%        N/A       1%          2
b - Gell's Gravitas       Tloc           25%        N/A       2%          3

Your spell library contained the following spells:

 Spells                   Type           Power      Damage    Failure   Level
 Lesser Beckoning         Tloc           25%        N/A       2%          3
 Teleport Other           Tloc           25%        N/A       2%          3
 Static Discharge         Conj/Air       19%        N/A       3%          2
 Airstrike                Air            9%         N/A       21%         4
 Dispel Undead            Necr           19%        3d11      21%         4
 Sticky Flame             Conj/Fire      19%        2d4       21%         4
 Manifold Assault         Tloc           25%        N/A       22%         5
 Lightning Bolt           Conj/Air       9%         1d22      50%         5
 Storm Form               Tmut/Air       9%         N/A       100%        7
 Chain Lightning          Conj/Air       9%         3d12      100%        9
 Fire Storm               Conj/Fire      9%         8d3       100%        9
 Shatter                  Erth           9%         3d11*     100%        9
 Summon Lightning Spire   Summ/Air       Unusable   N/A       N/A         4

Dungeon Overview and Level Annotations

Branches:
Dungeon (11/15)            Temple (0/1) D:4            Lair (0/6) D:9
    Orc (0/2) D:11          Sewer (visited)         Gauntlet (1/1)

Altars:
Ashenzari
Dithmenos
Elyvilon
Gozag
Hepliaklqana
Kikubaaqudgha
Okawaru
Qazlal
Sif Muna
Trog
Wu Jian
Xom
The Shining One

Shops:
D:2 =   D:4 *   D:7 (

Annotations:
D:7 exclusions: slime creature, two-headed ogre and ugly thing Gauntlet 8 transporters, 4 runed translucent doors


Innate Abilities, Weirdness & Mutations

You have very sharp teeth.
Your uncanny sense of smell can sniff out nearby items.
Your experience applies equally to all skills.


Message History

Press: ? - help, Q - select action, (/) - cycle Shift-Dir - straight line, f/p - minotaur
Aim: a minotaur, wielding the +8 glaive of Grontol {vamp, rPois Will+ Int+5 Dex-3}, wearing a +3 scale mail of fire resistance, wearing the ring "Bupsyfeveph" {Fire Will+ Stlth+} and quivering javelins (lightly wounded, very poisoned, 75% to hit)
You throw a stone.
The stone hits the minotaur but does no damage.
The minotaur is lightly wounded.
You feel much better.
Throw: 9 darts (poison)
Press: ? - help, Q - select action, (/) - cycle Shift-Dir - straight line, f/p - minotaur
Aim: a minotaur, wielding the +8 glaive of Grontol {vamp, rPois Will+ Int+5 Dex-3}, wearing a +3 scale mail of fire resistance, wearing the ring "Bupsyfeveph" {Fire Will+ Stlth+} and quivering javelins (lightly wounded, very poisoned, 75% to hit)
You throw a poisoned dart.
The poisoned dart barely misses the minotaur.
Throw: 8 darts (poison)
Press: ? - help, Q - select action, (/) - cycle Shift-Dir - straight line, f/p - minotaur
Aim: a minotaur, wielding the +8 glaive of Grontol {vamp, rPois Will+ Int+5 Dex-3}, wearing a +3 scale mail of fire resistance, wearing the ring "Bupsyfeveph" {Fire Will+ Stlth+} and quivering javelins (lightly wounded, very poisoned, 75% to hit)
You throw a poisoned dart. The poisoned dart hits the minotaur!
The minotaur is lightly wounded.
The minotaur throws a javelin.
The javelin pierces through you.
Casting: Blink (safe; 1% risk of failure)
Confirm with . or Enter, or press ? or * to list all spells.
You blink.
The minotaur hits you with the +8 glaive of Grontol {vamp, rPois Will+ Int+5 Dex-3}!
* * * LOW HITPOINT WARNING * * *
The minotaur draws strength from your wounds!
The minotaur barely misses you.
Unknown command.
Throw: 7 darts (poison)
Press: ? - help, Q - select action, (/) - cycle Shift-Dir - straight line, f/p - minotaur
Aim: a minotaur, wielding the +8 glaive of Grontol {vamp, rPois Will+ Int+5 Dex-3}, wearing a +3 scale mail of fire resistance, wearing the ring "Bupsyfeveph" {Fire Will+ Stlth+} and quivering javelins (lightly wounded, very poisoned, 75% to hit)
You throw a poisoned dart. The poisoned dart hits the minotaur!!
The minotaur looks as sick as possible!
The minotaur is lightly wounded.
You block the minotaur's attack.
The minotaur gores you but does no damage.
The minotaur hits you but does no damage.
Things that are here:
a poisoned dart; a stone; 3 curare-tipped darts
Found a book of the Warp.
You see here a poisoned dart.
The minotaur throws a javelin.
The javelin pierces through you!!
You die...

###|#...## .♣.###
.≈#"#.♣..##..... ..
©≈#©#.....#.♣.###.##
.≈#!#...♣.#........
###.#.....#.©.#.#..
....#.....#...# .# ####
#####.....#.©.# .#8.8:8
.......∩..#...###('.....
#####.....#.©.#.@.# ∆
..pp#.....#...#(#.####
#.#5#...P.#.©.#(#.....
.P.5#..P♣.#...H......8#
©.#5#.PP..#.♣(###.##.##
...=#.♣..##..........#
#.#.#...###.♣.########
5..p#...≈##...#
#####...≈≈#####


You could see a minotaur (extremely poisoned).

Vanquished Creatures
  Pikel (D:3)
  A salamander (shapeshifter) (Gauntlet)
  2 trolls
  A blink frog (shapeshifter) (Gauntlet)
  3 hornets
  14 flying skulls (Gauntlet)
  Eustachio (D:4)
  A yak (D:9)
  A wyvern (D:9)
  A steam dragon (D:7)
  Edmund (D:4)
  A water moccasin (D:9)
  Duvessa (D:5)
  4 orc warriors
  An ice beast (D:8)
  4 sky beasts
  2 ogres
  3 centaurs
  2 necrophages
  A phantom (D:7)
  2 kobold brigands
  6 bullfrogs
  3 scorpions
  A gnoll sergeant (D:10)
  A water moccasin zombie (D:5)
  Dowan (D:5)
  14 killer bees
  6 howler monkeys (D:10)
  3 vampire bats (D:8)
  2 centaur zombies (D:7)
  3 lava snakes (D:8)
  8 hounds
  A bullfrog zombie (D:7)
  A centaur skeleton (D:7)
  2 jellies (D:6)
  2 gnoll shamans
  5 orc priests
  2 bullfrog skeletons
  Jessica (D:2)
  3 iguanas (D:5)
  7 orc wizards
  A hell rat (D:8)
  4 killer bee zombies
  Robin (D:2)
  11 adders
  13 gnolls
  5 river rats (D:8)
  A shadow imp (D:7)
  6 white imps
  2 ufetubi
  An adder skeleton (D:4)
  A dart slug (D:1)
  24 orcs
  6 bat skeletons (D:8)
  8 endoplasms
  7 giant cockroaches
  12 goblins
  10 hobgoblins
  10 jackals
  11 quokkas
  8 ball pythons
  7 bats
  6 frilled lizards
  9 kobolds
  18 rats
302 creatures vanquished.

Vanquished Creatures (others)
  7 plants
7 creatures vanquished.

Grand Total: 309 creatures vanquished

Notes
Turn   | Place    | Note
-------+----------+-------------------------------------------
     0 | D:1      | Ablot the Gnoll Warper began the quest for the Orb.
     0 | D:1      | Reached XP level 1. HP: 20/20 MP: 6/6
   102 | D:1      | Reached XP level 2. HP: 16/26 MP: 7/7
   105 | D:1      | Learned a level 2 spell: Blink
   679 | D:2      | Reached XP level 3. HP: 31/31 MP: 9/9
   741 | D:2      | Noticed Robin
   774 | D:1      | Reached skill level 5 in Spellcasting
  1052 | D:2      | Killed Robin
  1053 | D:2      | Reached skill level 1 in Invocations
  1084 | D:2      | Noticed Jessica
  1100 | D:2      | Killed Jessica
  1101 | D:2      | Reached skill level 1 in Short Blades
  1101 | D:2      | Reached skill level 1 in Long Blades
  1101 | D:2      | Reached skill level 1 in Axes
  1101 | D:2      | Reached skill level 1 in Maces & Flails
  1101 | D:2      | Reached skill level 1 in Staves
  1101 | D:2      | Reached skill level 1 in Slings
  1101 | D:2      | Reached skill level 1 in Bows
  1101 | D:2      | Reached skill level 1 in Crossbows
  1101 | D:2      | Reached skill level 1 in Stealth
  1101 | D:2      | Reached skill level 1 in Shields
  1101 | D:2      | Reached skill level 1 in Unarmed Combat
  1101 | D:2      | Reached skill level 1 in Evocations
  1101 | D:2      | Reached XP level 4. HP: 26/38 MP: 11/11
  1282 | D:2      | Reached skill level 1 in Conjurations
  1282 | D:2      | Reached skill level 1 in Hexes
  1282 | D:2      | Reached skill level 1 in Summonings
  1282 | D:2      | Reached skill level 1 in Necromancy
  1282 | D:2      | Reached skill level 1 in Transmutations
  1282 | D:2      | Reached skill level 1 in Fire Magic
  1282 | D:2      | Reached skill level 1 in Ice Magic
  1282 | D:2      | Reached skill level 1 in Air Magic
  1282 | D:2      | Reached skill level 1 in Earth Magic
  1282 | D:2      | Reached skill level 1 in Poison Magic
  1336 | D:2      | Found a faded altar of an unknown god.
  1754 | D:2      | Found Buok's Jewellery Boutique.
  2105 | D:2      | Reached XP level 5. HP: 43/43 MP: 12/12
  2165 | D:3      | Found an iron altar of Okawaru.
  2184 | D:3      | Became a worshipper of Warmaster Okawaru
  2255 | D:3      | Found a glowing drain.
  2295 | Sewer    | Entered a sewer
  2772 | D:3      | Reached XP level 6. HP: 36/50 MP: 13/13
  3036 | D:3      | Found a shimmering blue altar of Sif Muna.
  3338 | D:4      | Found Xuci's Assorted Antiques.
  3345 | D:4      | Bought a scroll labelled ZATEGG JOJYBICS for 22 gold pieces
  3345 | D:4      | Bought a scroll labelled ZIDUTOUGUNN for 22 gold pieces
  3345 | D:4      | Bought a brown potion for 19 gold pieces
  3345 | D:4      | Bought 2 glowing amethyst potions for 39 gold pieces
  3364 | D:4      | Found a staircase to the Ecumenical Temple.
  3677 | D:4      | Found a bloodstained altar of Trog.
  3736 | D:4      | Found a broken altar of Ashenzari.
  3800 | D:4      | Noticed Edmund
  3877 | D:4      | Noticed Pikel
  3948 | D:3      | Killed Pikel
  3948 | D:3      | Reached * piety under Okawaru
  3949 | D:3      | Reached skill level 5 in Fighting
  3949 | D:3      | Reached skill level 5 in Polearms
  3949 | D:3      | Reached skill level 5 in Dodging
  3949 | D:3      | Reached XP level 7. HP: 24/56 MP: 13/15
  4341 | D:5      | Entered Level 5 of the Dungeon
  4443 | D:5      | Noticed Eustachio
  4543 | D:4      | Killed Eustachio
  4544 | D:4      | Reached XP level 8. HP: 56/63 MP: 16/16
  4650 | D:5      | Reached ** piety under Okawaru
  5547 | D:6      | Noticed Duvessa
  5547 | D:6      | Noticed Dowan
  5809 | D:6      | Found a shimmering altar of Xom.
  5907 | D:6      | Noticed a vampire
  5990 | D:5      | Killed Duvessa
  5991 | D:5      | Reached XP level 9. HP: 44/67 MP: 16/18
  6011 | D:5      | Killed Dowan
  6434 | D:6      | Reached *** piety under Okawaru
  6869 | D:7      | Reached skill level 5 in Throwing
  6869 | D:7      | Reached skill level 5 in Armour
  7360 | D:7      | Found a shadowy altar of Dithmenos.
  7480 | D:7      | Reached skill level 5 in Invocations
  7598 | D:7      | Found Egixozun's Antique Weapon Shop.
  7623 | D:7      | Reached **** piety under Okawaru
  7804 | D:7      | Reached XP level 10. HP: 37/77 MP: 20/20
  8034 | D:7      | Noticed a two-headed ogre
  8034 | D:7      | Noticed a cyan ugly thing
  8204 | D:7      | Learned a level 3 spell: Gell's Gravitas
  8330 | D:7      | Reached skill level 5 in Short Blades
  8330 | D:7      | Reached skill level 5 in Long Blades
  8330 | D:7      | Reached skill level 5 in Axes
  8330 | D:7      | Reached skill level 5 in Maces & Flails
  8330 | D:7      | Reached skill level 5 in Staves
  8330 | D:7      | Reached skill level 5 in Slings
  8330 | D:7      | Reached skill level 5 in Bows
  8330 | D:7      | Reached skill level 5 in Crossbows
  8330 | D:7      | Reached skill level 5 in Stealth
  8330 | D:7      | Reached skill level 5 in Shields
  8330 | D:7      | Reached skill level 5 in Unarmed Combat
  8330 | D:7      | Reached skill level 5 in Evocations
  8837 | D:4      | Killed Edmund
  8855 | D:4      | Bought 2 white potions for 39 gold pieces
  9094 | D:8      | Found an ornate altar of the Wu Jian Council.
  9117 | D:8      | Found a stormy altar of Qazlal.
  9845 | D:8      | Found an ancient bone altar of Kikubaaqudgha.
 10108 | D:8      | Found an opulent altar of Gozag.
 10869 | D:9      | Reached ***** piety under Okawaru
 10932 | D:9      | Received a gift from Okawaru
 10992 | D:9      | Found a staircase to the Lair.
 11621 | D:9      | Found a glowing golden altar of the Shining One.
 11621 | D:9      | Found a white marble altar of Elyvilon.
 11918 | D:10     | Entered Level 10 of the Dungeon
 12204 | D:9      | Reached XP level 11. HP: 65/84 MP: 22/22
 12570 | D:10     | Found a hazy altar of Hepliaklqana.
 13473 | D:11     | Noticed a green ugly thing
 13524 | D:11     | Found a gate leading to a gauntlet.
 13546 | Gauntlet | Entered a Gauntlet
 13546 | Gauntlet | Found a transporter.
 13546 | Gauntlet | Found a runed translucent gate.
 13546 | Gauntlet | Found a runed translucent gate.
 13548 | Gauntlet | Found a runed translucent gate.
 13553 | Gauntlet | Found a transporter.
 13555 | Gauntlet | Found a transporter.
 13569 | Gauntlet | Found a transporter.
 13577 | Gauntlet | Found a transporter.
 13580 | Gauntlet | Found a transporter.
 13593 | Gauntlet | Noticed a wizard
 13593 | Gauntlet | Noticed a wizard
 13596 | Gauntlet | Found a transporter.
 13603 | Gauntlet | Noticed a green death
 13607 | Gauntlet | Found a transporter.
 13608 | Gauntlet | Found the amulet of Vitality {Regen+ HP+15}
 13617 | Gauntlet | Noticed a cacodemon
 13619 | Gauntlet | Found a transporter.
 13633 | Gauntlet | Found a transporter.
 13645 | Gauntlet | Noticed a death scarab
 13646 | Gauntlet | Found a runed translucent door.
 13647 | Gauntlet | Found a transporter.
 13647 | Gauntlet | Found a transporter.
 13648 | Gauntlet | Found a runed translucent door.
 13726 | Gauntlet | Found a runed translucent door.
 13730 | Gauntlet | Found a runed translucent door.
 13732 | Gauntlet | Found a transporter.
 13732 | Gauntlet | Found a transporter.
 13985 | Gauntlet | Reached skill level 5 in Conjurations
 13985 | Gauntlet | Reached skill level 5 in Hexes
 13985 | Gauntlet | Reached skill level 5 in Summonings
 13985 | Gauntlet | Reached skill level 5 in Necromancy
 13985 | Gauntlet | Reached skill level 5 in Transmutations
 13985 | Gauntlet | Reached skill level 5 in Fire Magic
 13985 | Gauntlet | Reached skill level 5 in Ice Magic
 13985 | Gauntlet | Reached skill level 5 in Air Magic
 13985 | Gauntlet | Reached skill level 5 in Earth Magic
 13985 | Gauntlet | Reached skill level 5 in Poison Magic
 13985 | Gauntlet | Noticed a salamander
 14004 | Gauntlet | Killed a salamander
 14004 | Gauntlet | Received a gift from Okawaru
 14188 | Gauntlet | Received a gift from Okawaru
 14250 | Gauntlet | Identified the ring "Nefolud" {rF+ MP+9 Str+3 Dex-2}
 14273 | Gauntlet | Identified the +8 glaive of Grontol {vamp, rPois Will+
                  | Int+5 Dex-3}
 14273 | Gauntlet | Identified the ring "Bupsyfeveph" {Fire Will+ Stlth+}
 14273 | Gauntlet | Noticed a minotaur
 14299 | Gauntlet | Hit by a javelin thrown by a minotaur

Illustrated notes

Levels and vault maps discovered:
D:1:      enne_arrival_octagon_isle, layout_rooms
D:2:      layout_loops_ring, serial_shops, shop,
          hellmonk_ecumenical_altar_lost_god, uniq_robin, uniq_jessica
D:3:      layout_rooms, okawaru_ov_weapons_minmay,
          nicolae_overflow_crystal_walls, portal_sewer_entry_f,
          hangedman_decor_push
D:4:      layout_cave_pools, mainiacjoe_overflow_24_doors,
          general_overflow_altar, minmay_temple_entry_ruins, serial_shops, shop,
          uniq_edmund, uniq_pikel
D:5:      layout_cave_pools, uniq_eustachio
D:6:      layout_basic, mainiacjoe_overflow_tiny_flanked, serial_bayou_pond_a,
          uniq_duvessa
D:7:      minmay_slanted_spiral_squares, layout_loops_ring,
          grunt_dithmenos_shadows, serial_shops, shop
D:8:      lemuel_ratsnest, layout_loops_ring, kennysheep_vampire_church,
          mainiacjoe_overflow_boulevard, mainiacjoe_overflow_catch_the_wave
D:9:      layout_loops_ring, grunt_temple_overflow_open, dpeg_oklobed_lair,
          minmay_fractal_squares_gapless_5
D:10:     layout_stronghold, mainiacjoe_overflow_surrounded_room
D:11:     layout_stronghold, david_orc_2, gauntlet_entry_generic,
          chequers_serial_rivers_small_a
Gauntlet: minmay_gauntlet_77_tree [minmay_gauntlet_arena_77_run_for_it,
          minmay_gauntlet_arena_77_cramped, minmay_gauntlet_arena_77_two_lines,
          minmay_gauntlet_arena_77_hold_the_fort,
          minmay_gauntlet_arena_77_shame_cube, minmay_gauntlet_arena_77_museum,
          minmay_gauntlet_arena_77_broken_ladder,
          nicolae_gauntlet_exit_dead_adventurers]

Skill      XL: |  1  2  3  4  5  6  7  8  9 10 11 |
---------------+----------------------------------+-----
Spellcasting   | 5 6 7 8 |  8.2
Invocations    | 1 2 3 4 5 6 7 |  7.1
Short Blades   | 1 2 3 4 5 6 |  6.4
Long Blades    | 1 2 3 4 5 6 |  6.4
Axes           | 1 2 3 4 5 6 |  6.4
Maces & Flails | 1 2 3 4 5 6 |  6.4
Staves         | 1 2 3 4 5 6 |  6.4
Slings         | 1 2 3 4 5 6 |  6.4
Bows           | 1 2 3 4 5 6 |  6.4
Crossbows      | 1 2 3 4 5 6 |  6.4
Stealth        | 1 2 3 4 5 6 |  6.4
Shields        | 1 2 3 4 5 6 |  6.4
Unarmed Combat | 1 2 3 4 5 6 |  6.4
Evocations     | 1 2 3 4 5 6 |  6.4
Conjurations   | 1 2 3 4 5 |  5.3
Hexes          | 1 2 3 4 5 |  5.3
Summonings     | 1 2 3 4 5 |  5.3
Necromancy     | 1 2 3 4 5 |  5.3
Transmutations | 1 2 3 4 5 |  5.3
Fire Magic     | 1 2 3 4 5 |  5.3
Ice Magic      | 1 2 3 4 5 |  5.3
Air Magic      | 1 2 3 4 5 |  5.3
Earth Magic    | 1 2 3 4 5 |  5.3
Poison Magic   | 1 2 3 4 5 |  5.3
Throwing       | 3 4 5 6 7 |  7.0
Armour         | 3 4 5 6 7 |  7.0
Fighting       | 5 6 7 8 |  8.0
Polearms       | 5 6 7 8 |  8.0
Dodging        | 5 6 7 8 |  8.0
Translocations | 6 7 |  7.7

Action                   |  1- 3 |  4- 6 |  7- 9 | 10-12 || total
-------------------------+-------+-------+-------+-------++-------
Melee: Spear             |   109 |    36 |       |       ||   145
       Bite              |     7 |    19 |    51 |    95 ||   172
       Trident           |       |   220 |   230 |   594 ||  1044
       Punch             |       |     3 |    20 |     6 ||    29
       Short sword       |       |       |   173 |   171 ||   344
       Dagger            |       |       |    79 |     6 ||    85
       Flail             |       |       |       |    44 ||    44
Throw: Dart              |       |     8 |    18 |    29 ||    55
       Stone             |       |       |       |     1 ||     1
 Cast: Blink             |       |     1 |     2 |     4 ||     7
Invok: Heroism           |       |       |     1 |    10 ||    11
       Finesse           |       |       |       |     6 ||     6
Evoke: Wand              |       |     6 |       |       ||     6
  Use: Scroll            |       |     1 |       |    11 ||    12
       Potion            |       |       |     2 |     2 ||     4
 Stab: Sleeping          |     1 |     6 |     5 |    12 ||    24
       Distracted        |       |     1 |       |       ||     1
Armor: Leather armour    |    15 |    80 |   207 |   215 ||   517
Dodge: Dodged            |    51 |   114 |   301 |   304 ||   770
Block: Other             |       |    45 |   128 |    13 ||   186
       Buckler           |       |       |       |   293 ||   293
       Reflection        |       |       |       |     8 ||     8
